 Dungeon Crawl Stone Soup version 0.17.2-1-ge4368a0 (webtiles) character file.

30 magog001 the Bolt Thrower (level 3, -4/29 HPs)
             Began as a Centaur Hunter on Sept 30, 2016.
             Slain by a worm (8 damage)
             ... on level 2 of the Dungeon.
             The game lasted 00:08:44 (1244 turns).

magog001 the Bolt Thrower (Centaur Hunter)          Turns: 1244, Time: 00:08:44

Health: -4/29      AC:  4    Str: 14    XL:     3   Next: 3%
Magic:  3/3        EV:  4    Int: 10    God:
Gold:   50         SH:  0    Dex: 10    Spells: 0 memorised, 2 levels left

rFire  . . .     SeeInvis .     a - +1 hand crossbow
rCold  . . .     Clarity  .     c - +0 leather armour
rNeg   . . .     SustAt   .     (no shield)
rPois  .         Gourm    .     (no helmet)
rElec  .         Spirit   .     (no cloak)
rCorr  .         Warding  .     (no gloves)
rMut   .         Stasis   .     (no barding)
MR     .....                    (no amulet)
Stlth  +.........               (no ring)
                                (no ring)

@: very quick, not resistant to hostile enchantments, very unstealthy
A: hooves 3, deformed body, speed 2, sense surroundings 1, tough skin 3
a: no special abilities


You were on level 2 of the Dungeon.
You were not hungry.

You visited 1 branch of the dungeon, and saw 2 of its levels.

You collected 50 gold pieces.

Inventory:

Hand Weapons
 a - a +1 hand crossbow (weapon)
 b - a +0 short sword
 h - a +0 dagger
Missiles
 d - 7 bolts (quivered)
 i - 21 stones
 j - 13 arrows
Armour
 c - a +0 leather armour (worn)
Jewellery
 p - an uncursed amulet of warding {unknown}
Scrolls
 f - a scroll of identify
 k - a scroll of remove curse {unknown}
 m - a scroll of teleportation {unknown}
 n - a scroll of enchant weapon {unknown}
 o - a scroll of enchant armour {unknown}
Potions
 l - a potion of cancellation {unknown}
 q - a potion of mutation
 r - a potion of heal wounds {unknown}
Comestibles
 e - a bread ration
 g - a royal jelly
 s - a chunk of flesh


   Skills:
 + Level 2.0 Fighting
 * Level 5.4 Crossbows
 + Level 0.1 Armour
 + Level 1.3 Dodging
 + Level 0.5 Stealth


You had 2 spell levels left.
You didn't know any spells.

Dungeon Overview and Level Annotations

Branches:
Dungeon (2/15)

Altars:


Innate Abilities, Weirdness & Mutations

You have hooves in place of feet.
Armour fits poorly on your strangely shaped body.
You cover ground very quickly.
You have extremely tough skin (AC +3).
You passively map a small area around you.


Message History

Press: ? - help, Shift-Dir - straight line, f - worm
Aim: a worm You shoot a bolt.
The bolt barely misses the worm.
The bat hits you. The bat hits you. The bat barely misses you.
The worm bites you!
Firing (i - inventory. (,) - cycle):
d - 9 bolts (quivered)
Press: ? - help, Shift-Dir - straight line, f/p - worm
Aim: a worm You shoot a bolt.
The bolt hits the worm.
The worm is lightly wounded.
The bat barely misses you. The bat hits you but does no damage.
The bat hits you.
Firing (i - inventory. (,) - cycle):
d - 8 bolts (quivered)
Press: ? - help, Shift-Dir - straight line, f/p - worm
Aim: a worm (lightly wounded)
You shoot a bolt. The bolt hits the worm.
The worm is moderately wounded.
The bat hits you but does no damage. The worm bites you!
* * * LOW HITPOINT WARNING * * *
The worm bites you!
You die...

* , , ,.. ,, , *
... , ..., , *
#.# * #... * ,
#..# ,
#####.b#####
#(...(w@...# *
#..(.......# *
#..........# * ,
#..........#
#............ *
#.....[.......
#..............,
, *
#..........###.
* * * , ,


You could see a worm and a bat.

Vanquished Creatures
  An ooze (D:1)
  A giant gecko (D:1)
  3 hobgoblins (D:1)
  7 kobolds (D:1)
  6 bats (D:1)
  2 goblins (D:1)
  2 rats (D:1)
22 creatures vanquished.

Notes
Turn   | Place    | Note
--------------------------------------------------------------
     0 | D:1      | magog001 the Centaur Hunter began the quest for the Orb.
     0 | D:1      | Reached XP level 1. HP: 17/17 MP: 1/1
   178 | D:1      | Reached XP level 2. HP: 19/24 MP: 2/2
   392 | D:1      | Reached skill level 5 in Crossbows
   913 | D:1      | Reached XP level 3. HP: 25/29 MP: 3/3
  1216 | D:1      | Gained mutation: You are resistant to hostile enchantments. [potion of mutation]
  1216 | D:1      | Gained mutation: You passively map a small area around you. [potion of mutation]
  1216 | D:1      | Lost mutation: You are resistant to hostile enchantments. [potion of mutation]
  1244 | D:2      | Slain by a worm

Action                   || total
-------------------------++-------
 Fire: Hand crossbow     ||    64
  Use: Scroll            ||     1
       Potion            ||     1
